 Dungeon Crawl Stone Soup version 0.23.2-1-ga50397a6bc (webtiles) character file.

Game seed: 15399685921628132722

112 Revguard the Chopper (level 4, -5/34 HPs)
             Began as a Demonspawn Gladiator on Apr 21, 2019.
             Killed from afar by an orc wizard (8 damage)
             ... with a magic dart
             ... on level 3 of the Dungeon.
             The game lasted 00:05:08 (2183 turns).

Revguard the Chopper (Demonspawn Gladiator)         Turns: 2183, Time: 00:05:08

Health: -5/34      AC:  9    Str: 13 (15) XL:     4   Next: 63%
Magic:  4/4        EV: 10    Int:  9 (10) God:
Gold:   75         SH:  4    Dex: 13 (14) Spells: 3/3 levels left

rFire    + . .     SeeInvis .   a - +0 war axe
rCold    x . .     Gourm    .   (no shield)
rNeg     . . .     Faith    .   x - +0 scale mail
rPois    .         Spirit   .   (helmet restricted)
rElec    .         Reflect  .   (no cloak)
rCorr    .         Harm     .   (no gloves)
MR       .....                  (no boots)
Stlth    ..........             (no amulet)
HPRegen  0.11/turn              g - ring of fire
MPRegen  0.09/turn              q - +3 ring of protection

@: no status effects
A: antennae 1, large bone plates 1
a: no special abilities


You were on level 3 of the Dungeon.
You were very hungry.

You visited 1 branch of the dungeon, and saw 3 of its levels.

You collected 75 gold pieces.

Inventory:

Hand Weapons
 a - a +0 war axe (weapon)
Missiles
 d - 3 throwing nets (quivered)
Armour
 x - a +0 scale mail (worn)
Jewellery
 g - a ring of fire (left hand)
 q - a +3 ring of protection (right hand)
Wands
 v - a wand of digging (4)
Scrolls
 e - 6 scrolls of identify {unknown}
 h - a scroll of noise {unknown}
 i - a scroll of remove curse {unknown}
 m - 2 scrolls of magic mapping {unknown}
 n - a scroll of teleportation {unknown}
 o - a scroll of enchant weapon {unknown}
 p - a scroll of fear {unknown}
 r - a scroll of amnesia {unknown}
 t - a scroll of fog {unknown}
Comestibles
 f - 5 rations


   Skills:
 + Level 2.5 Fighting
 + Level 4.0 Axes
 - Level 1.7 Throwing
 + Level 1.0 Armour
 + Level 3.3 Dodging


You had 3 spell levels left.
You didn't know any spells.
Your spell library was empty.

Dungeon Overview and Level Annotations

Branches:
Dungeon (3/15)

Altars:
Cheibriados
Qazlal

Annotations:
D:3 Grinder


Innate Abilities, Weirdness & Mutations

You have a pair of small antennae on your head.
You are partially covered in large bone plates. (SH +4)


Message History

The orc wizard hits you but does no damage.
Sorry, you're not good enough to have a special ability.
You barely miss the orc wizard.
The orc wizard is severely wounded.
The orc wizard mumbles some strange words.
The orc wizard flickers and vanishes!
Deactivating autopickup; reactivate with Ctrl-A.
Evoke which item? (* to show all) (? for menu, Esc to quit)
Okay, then.
You hit something. Something hits you but does no damage. Something hits you.
* * * LOW HITPOINT WARNING * * *
You miss something. Something hits you but does no damage.
You miss something. Something hits you but does no damage.
You barely miss something. Something hits you but does no damage.
You miss something.
Something hits you but does no damage. x2
You miss something.
You hear some strange, mumbled words.
A magic dart appears from out of thin air!
The magic dart hits you!
You die...

####.#### #######.......#
#.. ....##.##.# # #.#
#..##..... .
#.####.(##....##.
.###.#####.#........##....
.......o{@...##..#..##.##.
..##.#####.####.......<...
#......##.#######
######.......# #.##.##.#
#.##.##.# #.##.##.#
#.##.##.#### .. #.#......


You could see an orc.

Vanquished Creatures
  Terence (D:2)
  A gnoll (D:1)
  3 oozes
  7 dart slugs
  4 leopard geckos (D:2)
  2 orcs (D:3)
  A giant cockroach (D:1)
  4 goblins
  4 hobgoblins
  A quokka (D:2)
  9 bats
  2 frilled lizards (D:1)
  A kobold (D:2)
  6 rats
46 creatures vanquished.

Notes
Turn   | Place    | Note
-------+----------+-------------------------------------------
     0 | D:1      | Revguard the Demonspawn Gladiator began the quest for the
                  | Orb.
     0 | D:1      | Reached XP level 1. HP: 16/16 MP: 1/1
   136 | D:1      | Reached skill level 3 in Axes
   136 | D:1      | Gained mutation: You are partially covered in large bone
                  | plates. (SH +4) [demonic ancestry]
   136 | D:1      | Reached XP level 2. HP: 21/22 MP: 2/2
   311 | D:1      | Gained mutation: You have a pair of small antennae on your
                  | head. [demonic ancestry]
   311 | D:1      | Reached XP level 3. HP: 27/28 MP: 3/3
   907 | D:2      | Found a snail-covered altar of Cheibriados.
  1127 | D:2      | Found a stormy altar of Qazlal.
  1312 | D:2      | Noticed Terence
  1320 | D:2      | Killed Terence
  1320 | D:2      | Reached XP level 4. HP: 34/34 MP: 4/4
  1688 | D:3      | Noticed Grinder
  2039 | D:3      | Reached skill level 4 in Axes
  2039 | D:3      | Reached skill level 1 in Armour
  2183 | D:3      | Killed from afar by an orc wizard

Skill      XL: |  1  2  3  4 |
---------------+-------------+-----
Axes           | 3 4 |  4.0
Dodging        | 3 |  3.3
Armour         | 1 |  1.0
Fighting       | |  2.5
Throwing       | |  1.7

Action                   |  1- 3 |  4- 6 || total
-------------------------+-------+-------++-------
Melee: War axe           |   116 |    85 ||   201
  Use: Potion            |       |     7 ||     7
  Eat: Chunk             |     1 |     2 ||     3
Armor: Leather armour    |    32 |       ||    32
       Scale mail        |       |    53 ||    53
Dodge: Dodged            |    98 |    31 ||   129
Block: Other             |    23 |    18 ||    41
